 Dungeon Crawl Stone Soup version 0.29.1-15-g9cfb28693d (webtiles) character file.

Game seed: 5590343229428292361

2731 BuddhaDhamma the Severer (level 9, -1/105 HPs)
             Began as a Minotaur Berserker on Mar 18, 2023.
             Was a Priest of Trog.
             Slain by a vampire mosquito (7 damage)
             ... on level 7 of the Dungeon.
             The game lasted 00:10:26 (7135 turns).

BuddhaDhamma the Severer (Minotaur Berserker)       Turns: 7135, Time: 00:10:27

Health: -1/105     AC:  9    Str: 25    XL:     9   Next: 40%
Magic:  8/8        EV: 12    Int:  4    God:    Trog [***...]
Gold:   374        SH:  0    Dex: 11    Spells: 8/8 levels left

rFire   . . .      SeeInvis .   x - +1 hand axe (venom)
rCold   . . .      Faith    .   (no shield)
rNeg    . . .      Spirit   .   F - +0 chain mail
rPois   .          Reflect  .   (helmet restricted)
rElec   .          Harm     .   (no cloak)
rCorr   .          Rampage  .   z - +0 pair of gloves
Will    .....                   (no boots)
Stlth   ..........              (no amulet)
HPRegen 0.27/turn               c - +4 ring of evasion
MPRegen 0.11/turn               (no ring)

@: berserking, very quick
A: horns 2, retaliatory headbutt
a: Renounce Religion, Berserk, Trog's Hand


You were on level 7 of the Dungeon.
You worshipped Trog.
Trog was most pleased with you.
You visited 1 branch of the dungeon, and saw 7 of its levels.

You collected 374 gold pieces.

Inventory:

Hand Weapons
 x - a +1 hand axe of venom (weapon)
Missiles
 e - 12 poisoned darts (quivered)
 q - a throwing net
Armour
 z - a +0 pair of gloves (worn)
 F - a +0 chain mail (worn)
Jewellery
 c - a +4 ring of evasion (left hand)
 i - a ring of fire
 A - a ring of protection from fire
Wands
 j - a wand of quicksilver (5)
 r - a wand of flame (25)
 E - a wand of roots (5)
Scrolls
 a - 2 scrolls of enchant weapon {unknown}
 m - 3 scrolls of enchant armour {unknown}
 n - a scroll of summoning {unknown}
 o - 4 scrolls of magic mapping {unknown}
 p - 3 scrolls of teleportation {unknown}
 t - a scroll of acquirement {unknown}
 u - 3 scrolls of fog {unknown}
 y - a scroll of fear {unknown}
 B - a scroll of immolation {unknown}
 C - a scroll of identify
Potions
 b - 3 potions of might
 d - a potion of brilliance
 f - 4 potions of haste
 g - 5 potions of curing
 h - 2 potions of heal wounds
 k - 3 potions of mutation
 l - a potion of resistance {unknown}
 s - 2 potions of flight
 v - a potion of invisibility {unknown}
 w - a potion of magic {unknown}
 D - a potion of lignification {unknown}


   Skills:
 - Level 3.6 Fighting
 + Level 15.5 Axes
 - Level 2.4 Armour
 - Level 2.1 Dodging


You had 8 spell levels left.
You didn't know any spells.
Your spell library was empty.

Dungeon Overview and Level Annotations

Branches:
Dungeon (7/15)             Temple (0/1) D:6

Altars:
Ashenzari
Elyvilon
Gozag
Sif Muna
Xom
Zin
The Shining One


Innate Abilities, Weirdness & Mutations

You have a pair of horns on your head.
You reflexively headbutt those who attack you in melee.


Message History

The vampire mosquito closely misses you.
The vampire mosquito bites you but does no damage.
You hit the vampire mosquito.
The vampire mosquito is lightly damaged.
The vampire mosquito completely misses you.
You slash the vampire mosquito!
You punch the vampire mosquito, but do no damage.
The vampire mosquito is heavily damaged.
The vampire mosquito barely misses you. The vampire mosquito bites you.
* * * LOW HITPOINT WARNING * * *
The vampire mosquito draws strength from your injuries!
You closely miss the vampire mosquito.
The vampire mosquito is moderately damaged.
The vampire mosquito bites you.
* * * LOW HITPOINT WARNING * * *
The vampire mosquito draws strength from your injuries!
You closely miss the vampire mosquito.
The vampire mosquito is moderately damaged.
The vampire mosquito closely misses you.
The vampire mosquito closely misses you.
A red film seems to cover your vision as you go berserk!
You feel yourself moving faster!
You feel mighty!
You can no longer call in reinforcements.
The vampire mosquito bites you!
* * * LOW HITPOINT WARNING * * *
The vampire mosquito draws strength from your injuries!
The vampire mosquito completely misses you.
You furiously retaliate!
You headbutt the vampire mosquito! You barely miss the vampire mosquito.
The vampire mosquito is heavily damaged.
You are no longer corroded.
The vampire mosquito bites you!
* * * LOW HITPOINT WARNING * * *
The vampire mosquito draws strength from your injuries!
You barely miss the vampire mosquito.
The vampire mosquito is moderately damaged.
You slash the vampire mosquito!
The vampire mosquito is heavily damaged.
The vampire mosquito bites you!
You die...

#.#####.## ###....
#.#####.## #....
#.##.....# #####
#.##.#####
#######.##.## #§≈§≈≈
............##≈≈§§≈≈
#######.##.##≈≈≈§§§≈
#.####≈≈§§§§≈§ #@#
#≈≈≈≈≈§§≈§ #y#
#≈§≈≈§≈§§≈
#D###§≈§§≈≈§≈.
#...'?.....§)§
#...'.......?≈
##.##S≈≈≈≈≈≈≈.
#.##≈≈≈≈≈§§§≈
#..#≈≈≈≈§§§§≈
...##≈≈≈§§§≈≈


You could see an acid dragon and a vampire mosquito.

Vanquished Creatures
  Grinder (D:3)
  Sigmund (D:3)
  Eustachio (D:4)
  3 steam dragons (D:6)
  A water moccasin (D:6)
  A black bear (D:5)
  An ice beast (D:7)
  An orc warrior (D:7)
  A sky beast (D:6)
  2 ogres
  A centaur (D:6)
  3 phantoms
  3 necrophages
  3 wights (D:6)
  2 howler monkeys (D:5)
  A jelly (D:6)
  An orc priest (D:4)
  3 hounds
  Ijyb (D:3)
  2 iguanas
  An orc wizard (D:7)
  Robin (D:2)
  7 gnolls
  10 adders
  A white imp (D:5)
  4 ufetubi
  5 worms
  2 dart slugs (D:1)
  15 orcs
  10 ball pythons
  8 endoplasms
  2 giant cockroaches (D:2)
  16 goblins
  6 hobgoblins
  4 kobolds
  4 quokkas
  9 bats
  4 frilled lizards
  6 rats
148 creatures vanquished.

Vanquished Creatures (others)
  3 plants (D:4)
3 creatures vanquished.

Grand Total: 151 creatures vanquished

Notes
Turn   | Place    | Note
-------+----------+-------------------------------------------
     0 | D:1      | BuddhaDhamma the Minotaur Berserker began the quest for the
                  | Orb.
     0 | D:1      | Reached XP level 1. HP: 19/19 MP: 0/0
    49 | D:1      | Reached skill level 4 in Axes
   163 | D:1      | Reached XP level 2. HP: 21/26 MP: 1/1
   953 | D:1      | Reached skill level 5 in Axes
  1044 | D:1      | Reached XP level 3. HP: 31/31 MP: 2/2
  1197 | D:2      | Reached ** piety under Trog
  1520 | D:2      | Found a shimmering altar of Xom.
  1658 | D:2      | Noticed Robin
  1667 | D:2      | Killed Robin
  1668 | D:2      | Reached skill level 6 in Axes
  1668 | D:2      | Reached XP level 4. HP: 39/39 MP: 3/3
  2127 | D:3      | Noticed Grinder
  2127 | D:3      | Paralysed by Grinder for 5 turns
  2162 | D:3      | Paralysed by Grinder for 2 turns
  2172 | D:3      | Killed Grinder
  2173 | D:3      | Reached skill level 8 in Axes
  2173 | D:3      | Reached XP level 5. HP: 45/45 MP: 4/4
  2173 | D:3      | Reached XP level 6. HP: 51/51 MP: 5/5
  2361 | D:3      | Found an opulent altar of Gozag.
  2365 | D:3      | Noticed Ijyb
  2372 | D:3      | Killed Ijyb
  2585 | D:3      | Found a faded altar of an unknown god.
  2696 | D:3      | Found a glowing golden altar of the Shining One.
  2705 | D:3      | Found a glowing silver altar of Zin.
  2775 | D:3      | Noticed Sigmund
  2780 | D:3      | Killed Sigmund
  2781 | D:3      | Reached skill level 9 in Axes
  2781 | D:3      | Reached XP level 7. HP: 57/57 MP: 6/6
  3026 | D:4      | Reached *** piety under Trog
  3479 | D:4      | Found a broken altar of Ashenzari.
  3510 | D:4      | Noticed Eustachio
  3515 | D:4      | Reached skill level 10 in Axes
  3527 | D:4      | Killed Eustachio
  3639 | D:4      | Found a white marble altar of Elyvilon.
  3895 | D:4      | Reached skill level 11 in Axes
  4595 | D:5      | Entered Level 5 of the Dungeon
  4712 | D:5      | Reached XP level 8. HP: 56/64 MP: 7/7
  4885 | D:5      | Reached skill level 12 in Axes
  5465 | D:6      | Reached skill level 13 in Axes
  5831 | D:6      | Found a staircase to the Ecumenical Temple.
  5846 | D:6      | Reached skill level 14 in Axes
  5857 | D:6      | Reached XP level 9. HP: 26/70 MP: 8/8
  6480 | D:6      | Found a shimmering blue altar of Sif Muna.
  6513 | D:6      | Reached skill level 15 in Axes
  6896 | D:7      | Reached **** piety under Trog
  7135 | D:7      | Slain by a vampire mosquito

Illustrated notes

Levels and vault maps discovered:
D:1:      dpeg_arrival_shelter, layout_basic
D:2:      layout_loops_cross, basic_altar, uniq_robin
D:3:      layout_rooms, nicolae_gozag_seed_capital, mainiacjoe_overflow_swirl,
          shapermc_ecumenical_altar_notcrosses, kennysheep_generic_room_14,
          uniq_grinder, uniq_sigmund, uniq_ijyb
D:4:      layout_basic, nicolae_elyvilon_temple_path, ashenzari_altar_1,
          uniq_eustachio
D:5:      layout_basic
D:6:      layout_loops_ring, nicolae_sif_muna_condensation,
          minmay_temple_entry_mini_moons
D:7:      kennysheep_big_flooded_room, layout_rooms, gammafunk_ghost_cemetery,
          nicolae_kite_square_tiling_tiny, kennysheep_donut

Skill      XL: |  1  2  3  4  5  6  7  8  9 |
---------------+----------------------------+-----
Axes           | 4 5 6 8 9 11 14 15 | 15.5
Fighting       | |  3.6
Armour         | |  2.4
Dodging        | |  2.1

Action                   |  1- 3 |  4- 6 |  7- 9 || total
-------------------------+-------+-------+-------++-------
Melee: Hand axe          |    69 |    73 |   228 ||   370
       Headbutt          |     6 |    10 |    48 ||    64
       Punch             |     1 |       |     3 ||     4
Invok: Berserk           |     1 |     2 |     5 ||     8
  Use: Scroll            |       |       |     8 ||     8
Armor: Ring mail         |    14 |    13 |    38 ||    65
       Animal skin       |     2 |       |       ||     2
       Chain mail        |       |       |     1 ||     1
Dodge: Dodged            |    55 |    59 |   147 ||   261
